 Dungeon Crawl Stone Soup version 0.14-a0-942-gbd853f2 (webtiles) character file.

1521 PolkaDot the Slasher (level 8, -2/60 HPs)
             Began as a Vampire Gladiator on Nov 20, 2013.
             Was a Follower of Makhleb.
             Slain by a green rat (4 damage)
             ... summoned by Eustachio
             ... on Level 6 of the Dungeon.
             The game lasted 00:15:02 (4910 turns).

PolkaDot the Slasher (Vampire Gladiator)            Turns: 4910, Time: 00:15:03

HP  -2/60        AC  7     Str 14      XL: 8   Next: 33%
MP   8/8         EV 12     Int 10      God: Makhleb [*.....]
Gold 198         SH  0     Dex 13 (16) Spells:  0 memorised,  7 levels left

Res.Fire  : . . .   See Invis. : +   a - +1,+0 falchion
Res.Cold  : + . .   Warding    : .   y - +2 leather armour {rF+}
Life Prot.: + + .   Conserve   : +   (no shield)
Res.Poison: .       Res.Corr.  : .   c - +0 helmet
Res.Elec. : .       Clarity    : .   (no cloak)
Sust.Abil.: . .     Spirit.Shd : .   (no gloves)
Res.Mut.  : .       Stasis     : .   q - +0 pair of elf boots
Res.Rott. : .       Flight     : .   f - cursed amulet of conservation
Saprovore : . . .                    z - ring of positive energy {unknown}
                                     s - ring of ice

@: very slightly contaminated, hasted, very quick, somewhat resistant to hostile
enchantments, unstealthy
A: bottle blood, fangs 3, see invisible, unbreathing
a: Bat Form, Bottle Blood, Renounce Religion


You were on level 6 of the Dungeon.
You worshipped Makhleb.
Makhleb was aware of your devotion.
You were not thirsty.

You visited 1 branch of the dungeon, and saw 6 of its levels.

You collected 198 gold pieces.

Inventory:

Hand weapons
 a - a +1,+0 falchion (weapon)
 v - the +5,+6 trident of Doom {slay drac, rPois}
   (You found it on level 4 of the Dungeon)

   This legendary weapon is deadly to all dragonkind.
   It protects you from poison.
Missiles
 d - 4 throwing nets (quivered)
 u - a throwing net [torn]
Armour
 c - a +0 helmet (worn)
 q - a +0 pair of elven boots (worn)
 y - a +2 leather armour of fire resistance (worn)
Magical devices
 h - a wand of slowing (8) {unknown}
Scrolls
 b - a scroll of enchant armour {unknown}
 e - 5 scrolls of remove curse {unknown}
 g - 2 scrolls of identify
 i - 2 scrolls of teleportation
 j - 2 scrolls of recharging
 k - a scroll of fog
 p - 2 scrolls of noise
 w - 2 scrolls of curse weapon {unknown}
 x - a scroll of enchant weapon I
 A - a scroll of curse armour {unknown}
Jewellery
 f - a cursed amulet of conservation (around neck)
 s - a ring of ice (left hand)
 z - a ring of positive energy (right hand) {unknown}
Potions
 l - 2 potions of curing
 r - 2 potions of magic
 t - a potion of poison
 B - a potion of confusion {unknown}
Books
 m - a book of Enchantments

   Spells                             Type                      Level
   Cause Fear                         Hexes                        4
   Silence                            Hexes/Air                    5
   Tukima's Dance                     Hexes                        5
   Deflect Missiles                   Charms/Air                   6
   Haste                              Charms                       6
   Discord                            Hexes                        8


   Skills:
 + Level 4.9 Fighting
 * Level 7.8 Long Blades
 - Level 1.5 Throwing
 + Level 3.8 Armour
 - Level 3.6 Dodging


You had 7 spell levels left.
You didn't know any spells.

Dungeon Overview and Level Annotations

Branches:
Dungeon (6/16)
 Temple: D:4-7          Orc: D:6-11

Altars:
Ashenzari
Elyvilon
Makhleb
Okawaru
Yredelemnul

Shops:
D:4 =

Annotations:
D:6 Eustachio


Innate Abilities, Weirdness & Mutations

You can bottle blood from corpses.
You have razor-sharp teeth.*
You have supernaturally acute eyesight.
You can survive without breathing.*


Message History

You closely miss Eustachio.
Eustachio is severely wounded.
The bat barely misses you. The lemure closely misses you.
The lemure closely misses you. The lemure hits you but does no damage.
The bat hits you but does no damage. The shadow imp misses you.
The bat closely misses you. The green rat closely misses you.
Eustachio misses you.
You hit Eustachio.
Eustachio is almost dead.
The bat barely misses you. The bat hits you but does no damage.
The iron imp closely misses you. The lemure barely misses you.
The lemure barely misses you. The lemure hits you but does no damage.
You hit Eustachio but do no damage.
Eustachio is almost dead.
The bat hits you but does no damage. The shadow imp gestures at you.
Pain shoots through your body!
* * * LOW HITPOINT WARNING * * *
The green rat bites you.
You die...

#..# #......
#..#####......
#.............
######.............
#........###.......
#........# ......
#........# ##..
#b5r.....# ..
#.@5.....# .
#5@b.....#
#.5$.....#
#........#
#........#
#........#
#........#
#........# ...


You could see Eustachio, an iron imp, a green rat, 2 lemures, a shadow imp and 2
bats.

Vanquished Creatures
  Grinder (D:3)
  2 ice beasts
  A phantom (D:4)
  A centaur (D:6)
  A giant frog (D:6)
  6 orc priests
  2 scorpions
  A quasit (D:6)
  2 hounds
  3 worker ants
  Terence (D:2)
  A hound skeleton (D:6)
  8 gnolls
  6 adders
  A green rat (D:6)
  An inept feature mimic (D:2)
  2 giant mites
  6 worms
  2 giant eyeballs
  3 giant geckos
  9 orcs
  12 bats
  A bat skeleton (D:4)
  7 goblins
  2 hobgoblins
  9 jackals
  7 quokkas
  4 training dummies (D:3)
  A ball python (D:5)
  7 giant cockroaches
  4 giant newts
  A hobgoblin zombie (D:5)
  12 kobolds
  A kobold zombie (D:5)
  11 rats
  A rat skeleton (D:4)
140 creatures vanquished.

Notes
Turn   | Place    | Note
--------------------------------------------------------------
     0 | D:1      | PolkaDot, the Vampire Gladiator, began the quest for the Orb.
     0 | D:1      | Reached XP level 1. HP: 17/17 MP: 1/1
   215 | D:1      | Reached XP level 2. HP: 18/23 MP: 2/2
   783 | D:1      | Reached XP level 3. HP: 28/28 MP: 3/3
  1101 | D:2      | Noticed Terence
  1121 | D:2      | Killed Terence
  1158 | D:2      | Reached skill level 4 in Long Blades
  1373 | D:2      | Reached XP level 4. HP: 13/35 MP: 4/4
  1732 | D:3      | Reached skill level 1 in Armour
  1927 | D:3      | Found an iron altar of Okawaru.
  2225 | D:3      | Reached XP level 5. HP: 30/40 MP: 5/5
  2795 | D:3      | Noticed Grinder
  2795 | D:3      | Paralysed by Grinder for 6 turns
  2803 | D:3      | Paralysed by Grinder for 2 turns
  2808 | D:3      | Killed Grinder
  2808 | D:3      | Reached skill level 5 in Long Blades
  2808 | D:3      | Reached XP level 6. HP: 14/47 MP: 6/6
  3071 | D:4      | Found Uwaarr's Jewellery Emporium.
  3156 | D:4      | Paralysed by a giant eyeball for 2 turns
  3523 | D:4      | Reached skill level 6 in Long Blades
  3523 | D:4      | Reached XP level 7. HP: 48/53 MP: 7/7
  3623 | D:4      | Got a transparent trident
  3624 | D:4      | Identified the +5,+6 trident of Doom {slay drac, rPois} (You found it on level 4 of the Dungeon)
  3624 | D:4      | Identified the +5,+6 trident of Doom {slay drac, rPois} (You found it on level 4 of the Dungeon)
  3867 | D:5      | Entered Level 5 of the Dungeon
  3896 | D:5      | Found a burning altar of Makhleb.
  3901 | D:5      | Became a worshipper of Makhleb the Destroyer
  4427 | D:6      | Reached skill level 7 in Long Blades
  4480 | D:6      | Reached XP level 8. HP: 55/60 MP: 8/8
  4498 | D:6      | Acquired Makhleb's first power
  4604 | D:6      | Found a white marble altar of Elyvilon.
  4604 | D:6      | Found a shattered altar of Ashenzari.
  4604 | D:6      | Found a basalt altar of Yredelemnul.
  4802 | D:6      | Noticed Eustachio
  4910 | D:6      | HP: 2/60 [shadow imp/nerve-wracking pain[Eustachio] (8)]
  4910 | D:6      | Slain by a green rat

Action                   |  1- 3 |  4- 6 |  7- 9 || total
-------------------------+-------+-------+-------++-------
Melee: Falchion          |   122 |   221 |    30 ||   373
       Trident           |       |       |   193 ||   193
  Use: Potion            |     1 |     2 |    15 ||    18
       Scroll            |       |    12 |     2 ||    14
 Stab: Sleeping          |       |       |     5 ||     5
